Map: Kairos Junction LE

Players

Necron

  • Race: Protoss Protoss
  • League: Gold
  • Spawn Location: 11:00

xOhxSleeperx - Winner!

  • Race: Zerg Zerg
  • League: Platinum
  • Spawn Location: 5:00

VOD

Have the link to the VOD?

Description

Time

  • Played on: Feb. 26, 2019, 4:36 p.m.
  • Length: 24:21
Show
View Real Time Build Order
Export as new Build Order

Necron Protoss 

Build Orders: 1 Gate Expand 

Get SALT Encoding   

  12  0:01  Probe  
  13  0:13  Probe  
  14  0:20  Pylon  
  14  0:25  Probe  
  15  0:29  Assimilator  
  15  0:42  Gateway  
  15  0:46  Probe  
  16  0:54  Probe  
  16  1:04  Probe  
  18  1:16  Probe  
  19  1:30  Nexus  
  19  1:33  Probe  
  20  1:45  Cybernetics Core  
  20  1:47  Probe  
  20  1:51  Pylon  
  21  1:58  Assimilator  
  21  1:59  Probe  
  22  2:11  Probe  
  22  2:13  Stalker  
  25  2:23  Probe, Warp Gate  
  26  2:35  Probe  
  27  2:39  Gateway  
  27  2:42  Probe  
  28  2:47  Probe  
  28  2:50  Stalker  
  30  2:55  Probe  
  31  3:00  Probe  
  31  3:04  Robotics Facility  
  32  3:06  Probe  
  32  3:09  Probe  
  34  3:14  Probe  
  34  3:17  Probe  
  35  3:22  Probe  
  35  3:25  Stalker  
  35  3:26  Probe  
  39  3:33  Pylon  
  40  3:35  Probe  
  40  3:38  Probe  
  42  3:48  Probe  
  43  3:52  Probe  
  43  3:55  Stalker  
  46  4:00  Probe, Twilight Council  
  47  4:04  Probe  
  47  4:05  Observer  
  49  4:12  Assimilator  
  49  4:15  Assimilator  
  49  4:21  Probe  
  49  4:22  Probe  
  51  4:28  Nexus  
  51  4:29  Observer  
  52  4:34  Probe, Pylon  
  52  4:35  Probe  
  54  4:48  Pylon  
  54  4:52  Probe x2  
  56  4:54  Stalker x2  
  60  5:01  Immortal  
  60  5:04  Probe  
  60  5:06  Probe  
  62  5:09  Blink  
  62  5:17  Probe  
  63  5:22  Gateway  
  63  5:24  Gateway  
  63  5:27  Forge x2  
  63  5:31  Forge  
  63  5:34  Probe, Gateway  
  63  5:35  Probe  
  65  5:38  Pylon  
  65  5:45  Probe  
  65  5:46  Probe  
  65  5:47  Immortal  
  65  5:49  Protoss Ground Armor Level 1  
  71  5:55  Shield Battery  
  71  5:57  Shield Battery  
  71  5:58  Probe  
  71  5:59  Probe x2  
  74  6:06  Stalker x2  
  74  6:10  Probe  
  79  6:17  Immortal  
  69  6:28  Protoss Ground Weapons Level 1  
  70  6:34  Pylon  
  70  6:35  Pylon  
  70  6:39  Pylon  
  70  6:43  Gateway  
  70  6:52  Probe x2  
  72  6:57  Templar Archives  
  72  7:07  Probe x2  
  74  7:10  Charge  
  74  7:25  Stalker  
  74  7:26  Stalker x3  
  82  7:31  Psionic Storm  
  82  7:32  Nexus, Immortal  
  82  7:33  Probe  
  82  7:35  Probe  
  80  7:57  Stalker x3  
  80  7:58  Stalker  
  87  8:17  Probe x2  
  89  8:21  Stalker x2  
  93  8:36  Nexus  
  93  8:37  Pylon  
  93  8:38  Pylon  
  93  8:40  Pylon  
  93  8:43  Pylon  
  93  8:53  Probe  
  93  8:55  Probe  
  95  8:56  Pylon  
  95  9:00  Immortal  
  99  9:14  Probe x2  
  101  9:32  Probe x2  
  101  9:35  Protoss Ground Armor Level 2  
  101  9:36  Protoss Ground Weapons Level 2  
  103  9:43  Immortal  
  107  9:46  Shield Battery  
  107  9:49  Shield Battery  
  107  9:50  High Templar x5, Gateway  
  107  9:51  High Templar  
  119  9:54  Pylon  
  119  9:56  Shield Battery  
  114  10:20  Probe  
  115  10:33  Nexus  
  115  10:37  Stalker x2  
  115  10:38  Stalker x4  
  127  10:55  Stalker  
  125  11:17  Stalker x2  
  125  11:18  Stalker x2  
  133  11:45  Stalker x4  
  133  11:46  Stalker x3  
  147  11:55  Probe  
  147  11:56  Probe  
  149  12:05  Pylon x2  
  149  12:08  Pylon  
  149  12:20  Assimilator  
  149  12:22  Assimilator, Warp Prism  
  149  12:23  Probe x2  
  149  12:28  Sentry x2  
  149  12:29  Sentry  
  159  12:30  Nexus  
  104  13:05  High Templar x4  
  106  13:06  High Templar x3  
  116  13:13  Pylon  
  116  13:17  Pylon  
  116  13:18  Archon x2  
  116  13:19  Archon  
  116  13:29  Archon  
  116  13:30  Protoss Ground Armor Level 3  
  116  13:31  Protoss Ground Weapons Level 3  
  120  13:34  Immortal, Gateway  
  120  13:36  Gateway  
  120  13:37  Gateway  
  120  13:49  Assimilator  
  120  13:52  Assimilator  
  120  14:05  Nexus  
  120  14:07  High Templar, Pylon  
  120  14:08  Pylon  
  120  14:09  Zealot  
  124  14:10  Zealot x3  
  124  14:11  Zealot x2  
  134  14:35  Zealot x3  
  134  14:36  Zealot x3  
  134  15:09  High Templar  
  134  15:10  High Templar x5  
  134  15:12  High Templar  
  134  15:13  Zealot  
  150  15:15  Archon  
  150  15:16  Archon x2  
  150  15:25  Zealot x2  
  128  15:48  Zealot x5  
  92  16:15  Zealot x5  
  92  16:16  Zealot x3  
  92  16:17  Zealot  
  75  16:41  Zealot x6  
  75  16:42  Zealot x2  
  75  16:43  Zealot x2  
  94  16:53  Nexus  
  94  16:57  Pylon  
  94  17:05  High Templar x6  
  105  17:09  Archon x2  
  105  17:10  Archon  
  102  17:26  Nexus  
  102  17:27  Pylon  
  74  18:19  Robotics Bay  
  74  18:25  Cybernetics Core  
  74  18:29  Assimilator  
  74  18:33  Assimilator  
  74  18:41  Probe  
  74  18:43  Gateway  
  74  18:46  Probe  
  76  18:54  Probe  
  76  18:58  Probe  
  77  19:35  Stargate  
  77  19:38  Stargate  
  77  19:43  Assimilator  
  74  19:51  Assimilator  
  67  20:17  Void Ray  
  67  20:22  Void Ray  
  73  20:46  Pylon  
  73  20:48  Nexus  
  73  20:49  Pylon  
  73  20:55  Pylon  
  73  20:56  Pylon  
  73  20:59  Pylon  
  73  21:01  Pylon  
  19  22:13  Probe  
  20  22:46  Probe  
  21  22:59  Probe  
  23  23:17  Probe  
Show
View Real Time Build Order
Export as new Build Order

xOhxSleeperx Zerg - Winner!

Build Orders: Hatch First, Brood Lord Corruptor, Swarm Host 

Get SALT Encoding   

  12  0:01  Drone  
  13  0:08  Drone  
  14  0:19  Overlord  
  14  0:38  Drone  
  14  0:39  Drone x2  
  17  0:54  Hatchery  
  16  0:57  Drone  
  17  1:11  Spawning Pool  
  17  1:15  Extractor  
  17  1:16  Drone  
  16  1:20  Drone  
  16  1:24  Drone  
  18  1:34  Drone  
  19  1:45  Drone  
  20  1:55  Overlord  
  20  1:58  Queen  
  22  2:05  Queen  
  24  2:12  Drone  
  25  2:22  Drone x3  
  28  2:27  Drone  
  29  2:32  Drone  
  30  2:41  Drone  
  30  2:44  Drone  
  32  2:50  Hatchery  
  32  2:51  Drone x2  
  33  3:00  Roach Warren  
  33  3:01  Drone x2  
  34  3:09  Queen  
  36  3:25  Overlord  
  36  3:26  Overlord  
  36  3:30  Extractor  
  35  3:45  Drone  
  35  3:47  Drone  
  35  3:48  Zergling x14  
  41  3:52  Spore Crawler  
  43  4:12  Metabolic Boost  
  43  4:15  Lair  
  43  4:18  Roach  
  43  4:19  Roach  
  43  4:20  Roach x2  
  43  4:23  Overlord x2  
  51  4:28  Drone x3  
  54  4:35  Extractor, Drone  
  54  4:36  Drone x4, Extractor  
  57  4:46  Drone x2  
  58  5:07  Roach x2  
  58  5:08  Roach x3  
  58  5:09  Roach  
  58  5:13  Roach x2  
  74  5:29  Overlord x2  
  74  5:30  Overlord  
  74  5:44  Overlord x2  
  74  6:01  Glial Reconstitution  
  74  6:06  Drone x8  
  74  6:07  Spire  
  80  6:46  Roach x5  
  90  6:47  Roach  
  90  6:48  Roach x3  
  90  6:51  Ravager x3  
  90  6:52  Ravager x5  
  106  6:56  Ravager  
  107  7:08  Ravager  
  108  7:10  Ravager  
  108  7:11  Overlord  
  108  7:12  Overlord x5  
  109  7:29  Hatchery, Evolution Chamber  
  107  7:30  Evolution Chamber  
  107  7:32  Drone  
  107  7:33  Drone x5, Infestation Pit  
  111  7:40  Hatchery  
  94  8:23  Swarm Host x7  
  94  8:24  Swarm Host x2  
  121  8:36  Queen  
  121  8:39  Queen  
  125  8:43  Hive  
  125  8:48  Zerg Melee Weapons Level 1  
  125  8:58  Extractor  
  125  8:59  Extractor  
  123  9:06  Overlord  
  123  9:07  Overlord x3  
  121  10:33  Greater Spire  
  121  10:34  Corruptor x4  
  121  10:35  Corruptor x2  
  129  10:36  Corruptor  
  129  10:37  Corruptor  
  129  10:40  Corruptor x2  
  129  11:14  Roach x6  
  136  11:46  Brood Lord x4  
  146  11:54  Brood Lord  
  146  12:05  Drone x6  
  146  12:06  Drone x3  
  155  12:12  Hatchery  
  154  12:18  Brood Lord  
  154  12:22  Brood Lord  
  158  12:27  Overlord x2  
  158  12:28  Overlord x3  
  132  13:01  Corruptor x2  
  132  13:02  Corruptor  
  138  13:06  Brood Lord  
  140  13:20  Drone  
  140  13:21  Drone x8  
  140  13:23  Extractor  
  140  13:24  Extractor  
  147  13:44  Hatchery  
  147  13:46  Brood Lord  
  147  13:47  Brood Lord  
  147  13:48  Brood Lord  
  152  13:50  Hatchery  
  151  14:02  Hydralisk Den  
  150  14:24  Drone x9  
  159  14:31  Queen  
  161  15:05  Hatchery  
  160  15:18  Zerg Ground Armor Level 1  
  160  15:19  Zerg Missile Weapons Level 1  
  160  15:20  Hatchery  
  159  15:21  Zerg Flyer Armor Level 1  
  159  15:28  Muscular Augments  
  121  16:22  Zergling x24  
  121  16:23  Zergling x12  
  126  16:39  Grooved Spines  
  124  16:41  Zergling x2  
  124  16:42  Zergling x6  
  97  17:31  Zergling x2  
  97  17:32  Zergling x22  
  79  18:11  Zergling x12  
  73  18:20  Spawning Pool  
  71  19:25  Hatchery  
  35  22:55  Hatchery  
  33  23:07  Hatchery  
  28  24:13  Hatchery  
Tags
 
Add a new tag
Caveats
  • Supply blocks, unpowered buildings, or Contaminate may cause inaccurate times.
  • Supply counts are checked every 10 seconds.